 Dungeon Crawl Stone Soup version 0.31-a0-221-gbddc013574 (webtiles) character file.

Game seed: 13426998590670437797

2578 qw the Skirmisher (level 9, -6/79 HPs)
             Began as a Minotaur Hexslinger on July 4, 2023.
             Was an Initiate of Okawaru.
             Mangled by a wyvern (12 damage)
             ... on level 7 of the Dungeon.
             The game lasted 00:02:43 (6559 turns).

qw the Skirmisher (Minotaur Hexslinger)             Turns: 6559, Time: 00:02:43

Health: -6/79      AC:  6    Str: 12    XL:     9   Next: 32%
Magic:  18/18      EV: 15    Int:  9    God:    Okawaru [......]
Gold:   303        SH:  0    Dex: 23    Spells: 9/10 levels left

rFire   . . .        p - +0 shortbow
rCold   + . .        (shield currently unavailable)
rNeg    . . .        g - +0 leather armour {rC+}
rPois   .            (helmet restricted)
rElec   .            (no cloak)
rCorr   .            (no gloves)
SInv    .            k - +2 pair of boots of the Saviour {MP+9 Dex+2}
Will    .....        (no amulet)
Stlth   ++           (no ring)
HPRegen 0.33/turn    (no ring)
MPRegen 0.16/turn

%: no passive effects
@: about to teleport
A: horns 2, retaliatory headbutt, agile 1, noise suppression
a: Renounce Religion


You were on level 7 of the Dungeon.
You worshipped Okawaru.
Okawaru was noncommittal.
You visited 2 branches of the dungeon, and saw 8 of its levels.

You collected 345 gold pieces.
You spent 42 gold pieces at shops.


Innate Abilities, Weirdness & Mutations

You have a pair of horns on your head.
You reflexively headbutt those who attack you in melee.
You are agile. (Dex +4, Str/Int -1)
You passively dampen the noise of your surroundings.


   Skills:
 - Level 7.2 Fighting
 - Level 11.1 Ranged Weapons
 - Level 1.3 Armour
 + Level 5.2 Dodging
 - Level 1.0 Spellcasting
 - Level 2.0 Hexes
 - Level 1.7 Invocations


You had 9 spell levels left.
You knew the following spells:

 Your Spells              Type           Power      Damage    Failure   Level
a - Slow                  Hex            16%        N/A       21%         1

Your spell library contained the following spells:

 Spells                   Type           Power      Damage    Failure   Level
 Inner Flame              Hex/Fire       2%         N/A       67%         3
 Portal Projectile        Hex/Tloc       4%         N/A       67%         3
 Cause Fear               Hex            2%         N/A       90%         4

Inventory:

Hand Weapons
 p - a +0 shortbow (weapon)
Armour
 g - a +0 leather armour of cold resistance (worn)
 h - a +0 ring mail
 i - a +2 robe of willpower
 k - the +2 pair of boots of the Saviour (worn) {MP+9 Dex+2}
   (You found it on level 5 of the Dungeon)

   Dex:       It affects your dexterity (+2).
   MP:        It affects your magic capacity (+9).
Scrolls
 d - a scroll of teleportation
Potions
 a - 4 potions of mutation
 b - a potion of enlightenment {unknown}
 c - 3 potions of curing
 e - a potion of resistance {unknown}
 f - 2 potions of ambrosia {unknown}
 j - a potion of degeneration {unknown}
 l - 2 potions of lignification {unknown}
 m - a potion of might
 n - a potion of brilliance {unknown}
 o - a potion of cancellation

Dungeon Overview and Level Annotations

Branches:
Dungeon (7/15)             Temple (1/1) D:5

Altars:
Ashenzari
Cheibriados
Dithmenos
Fedhas
Gozag
Hepliaklqana
Kikubaaqudgha
Makhleb
Nemelex Xobeh
Okawaru
Qazlal
Ru
Sif Muna
Trog
Uskayaw
Vehumet
Wu Jian
Xom
Yredelemnul
The Shining One

Shops:
D:2 ([?*


Message History

Something hits you but does no damage. The gnoll hits you with a +0 flail!
The grasping roots constrict you.
You shoot an arrow. The arrow hits the gnoll.
The gnoll is severely wounded.
Something hits you. Something shocks you.
A kobold brigand comes into view.
It is wielding a +0 short sword and quivering poisoned darts.
The gnoll completely misses you. You furiously retaliate!
You headbutt the gnoll!
You kill the gnoll!
Okawaru accepts your kill.
You shoot an arrow. The arrow hits the wyvern.
The wyvern is moderately wounded.
The wyvern bites you. Something hits you but does no damage.
You shoot an arrow. The arrow barely misses the wyvern.
The wyvern bites you but does no damage.
Something hits you but does no damage. The wyvern closely misses you.
You furiously retaliate!
You headbutt the wyvern. You shoot an arrow.
The arrow barely misses the wyvern.
The wyvern bites you. Something hits you but does no damage.
The kobold throws a stone.
The stone closely misses you.
You shoot an arrow. The arrow hits the wyvern.
The wyvern is heavily wounded.
The wyvern completely misses you. You furiously retaliate!
You headbutt the wyvern, but do no damage.
Something barely misses you.
You shoot an arrow.
The arrow hits the wyvern but does no damage.
The wyvern is heavily wounded.
The wyvern misses you. The wyvern bites you!
Something hits you but does no damage.
6558 ||| READING 2 scrolls of teleportation.
As you read the scroll of teleportation, it crumbles to dust.
You feel strangely unstable. The wyvern barely misses you.
A sky beast appears from thin air!
Reactivating autopickup.
The sky beast hits you but does no damage.
You shoot an arrow. The arrow hits the sky beast!
The sky beast is almost dead.
The wyvern bites you! x2
You die...

# #.###.# #
#.###.########## #
#...#.#....)...#######
#
##.#..#.######........
###.###.#)# #.######.
...## ##.)# #.#
###.###)### #.#
####....# #.#
........# #@#
####...## #Yl....>.
....## #K######.
..#### .K# ##. ... .
.... ###. ..


You could see a wyvern, a sky beast, a kobold brigand and a kobold.

Vanquished Creatures
  Pikel (D:7)
  Sigmund (D:3)
  A steam dragon (D:7)
  An ice beast (D:6)
  2 black bears
  2 centaurs (D:6)
  3 lemures (D:7)
  2 phantoms
  A kobold brigand (D:6)
  A bullfrog (D:7)
  6 killer bees (D:6)
  2 howler monkeys (D:4)
  3 hounds
  An orc priest (D:6)
  7 jellies
  5 iguanas
  2 orc wizards (D:6)
  2 gnolls
  12 adders
  2 ufetubi
  4 worms
  9 dart slugs
  8 orcs
  7 bats
  11 endoplasms
  5 giant cockroaches
  9 goblins
  7 hobgoblins
  9 jackals
  5 quokkas
  7 ball pythons
  2 frilled lizards
  17 kobolds
  11 rats
168 creatures vanquished.

Notes
Turn   | Place    | Note
-------+----------+-------------------------------------------
     0 | D:1      | qw the Minotaur Hexslinger began the quest for the Orb.
     0 | D:1      | Reached XP level 1. HP: 16/16 MP: 1/1
     0 | D:1      | 0 ||| qw: Version: 0.3-a-40-ge99b1a8
     0 | D:1      | 0 ||| qw: Game counter: 638
     0 | D:1      | 0 ||| qw: Melee chars always use a shield: true
     0 | D:1      | 0 ||| qw: God list: Okawaru
     0 | D:1      | 0 ||| qw: Allow faded altars: false
     0 | D:1      | 0 ||| qw: Do Orc after clearing Dungeon:15 true
     0 | D:1      | 0 ||| qw: Do second Lair branch before Depths: true
     0 | D:1      | 0 ||| qw: Lair rune preference: random
     0 | D:1      | 0 ||| qw: Goals: Normal
     0 | D:1      | 0 ||| PLANNING D:1-11
    24 | D:1      | 24 ||| FLEEEEING.
    25 | D:1      | 25 ||| FLEEEEING.
    26 | D:1      | 26 ||| FLEEEEING.
    71 | D:1      | Reached skill level 3 in Ranged Weapons
    74 | D:1      | Reached XP level 2. HP: 23/23 MP: 2/2
   322 | D:1      | Reached XP level 3. HP: 26/29 MP: 3/3
   507 | D:1      | 507 ||| FLEEEEING.
   508 | D:1      | 508 ||| FLEEEEING.
   525 | D:1      | Reached skill level 4 in Ranged Weapons
   953 | D:1      | 953 ||| UPGRADING to +0 leather armour.
   963 | D:1      | 963 ||| DROPPING +0 robe.
   964 | D:1      | 964 ||| UPGRADING to +0 ring mail.
   974 | D:1      | 974 ||| DROPPING +0 leather armour.
   975 | D:1      | 975 ||| READING scroll labelled ZIBROL COSOVE.
   976 | D:1      | 976 ||| READING scroll labelled ATIOXADYHA.
   980 | D:1      | 980 ||| DROPPING scroll of poison.
  1214 | D:2      | Found Tilaunyi's General Store.
  1217 | D:2      | 1217 ||| SHOPLISTING potion of heal wounds (70 gold, have
                  | 51).
  1217 | D:2      | 1217 ||| SHOPLISTING potion of mutation (112 gold, have
                  | 51).
  1217 | D:2      | 1217 ||| BUYING scroll of teleportation (42 gold).
  1217 | D:2      | Bought a scroll of teleportation for 42 gold pieces
  1265 | D:2      | Found Qikeluvi's Antique Armour Shop.
  1276 | D:2      | 1276 ||| SHOPLISTING cloak (139 gold, have 9).
  1300 | D:2      | Found Yceox's Weapon Boutique.
  1306 | D:2      | Reached skill level 1 in Armour
  1306 | D:2      | Reached XP level 4. HP: 36/36 MP: 4/4
  1312 | D:2      | 1312 ||| SHOPLISTING +6 arbalest of freezing (561 gold,
                  | have 9).
  1326 | D:2      | Found a radiant altar of Vehumet.
  1470 | D:2      | Found a faded altar of an unknown god.
  1562 | D:2      | Found Ohybrice's Magic Scroll Boutique.
  1568 | D:2      | 1568 ||| SHOPLISTING scroll of enchant armour (105 gold,
                  | have 20).
  1568 | D:2      | 1568 ||| SHOPLISTING scroll of identify (28 gold, have 20).
  1568 | D:2      | 1568 ||| SHOPLISTING scroll of teleportation (42 gold, have
                  | 20).
  1915 | D:2      | 1915 ||| UPGRADING to +0 leather armour of cold resistance.
  1925 | D:2      | 1925 ||| READING scroll labelled SUERIKOAMO.
  1926 | D:2      | 1926 ||| READING scroll labelled EKLEIG DIQARENI.
  1927 | D:2      | 1927 ||| DRINKING 5 sedimented dark potions.
  1927 | D:2      | Gained mutation: You passively dampen the noise of your
                  | surroundings. [potion of mutation]
  1927 | D:2      | Gained mutation: You are agile. (Dex +4, Str/Int -1)
                  | [potion of mutation]
  1998 | D:3      | Reached skill level 5 in Ranged Weapons
  2578 | D:3      | Noticed Sigmund
  2585 | D:3      | Killed Sigmund
  2586 | D:3      | Reached XP level 5. HP: 41/48 MP: 5/5
  2586 | D:3      | Reached XP level 6. HP: 48/56 MP: 6/6
  2634 | D:3      | 2634 ||| DRINKING 5 lumpy golden potions.
  2635 | D:3      | 2635 ||| DRINKING 3 silvery potions.
  2868 | D:4      | Reached skill level 6 in Ranged Weapons
  3444 | D:4      | Reached XP level 7. HP: 46/61 MP: 7/7
  3450 | D:4      | Reached skill level 7 in Ranged Weapons
  3690 | D:4      | 3690 ||| READING scroll labelled NEINIXZOAWK.
  3691 | D:4      | 3691 ||| READING scroll labelled TOMIYPN ROVINU.
  3692 | D:4      | 3692 ||| DRINKING 2 fuming blue potions.
  3708 | D:5      | Entered Level 5 of the Dungeon
  3741 | D:5      | Reached skill level 3 in Dodging
  3776 | D:5      | Found a staircase to the Ecumenical Temple.
  3777 | D:5      | 3777 ||| PLANNING TEMPLE
  3855 | Temple   | Entered the Ecumenical Temple
  3893 | Temple   | 3893 ||| PLANNING OKAWARU WORSHIP
  4201 | Temple   | Became a worshipper of Warmaster Okawaru
  4202 | Temple   | 4202 ||| PLANNING D:1-11
  4232 | D:5      | Identified the +2 pair of boots of the Saviour {MP+9 Dex+2}
  4275 | D:5      | 4275 ||| FLEEEEING.
  4276 | D:5      | 4276 ||| FLEEEEING.
  4277 | D:5      | 4277 ||| FLEEEEING.
  4278 | D:5      | 4278 ||| FLEEEEING.
  4279 | D:5      | 4279 ||| FLEEEEING.
  4280 | D:5      | 4280 ||| FLEEEEING.
  4281 | D:5      | 4281 ||| FLEEEEING.
  4282 | D:5      | 4282 ||| FLEEEEING.
  4283 | D:5      | 4283 ||| FLEEEEING.
  4284 | D:5      | 4284 ||| FLEEEEING.
  4285 | D:5      | 4285 ||| FLEEEEING.
  4286 | D:5      | 4286 ||| FLEEEEING.
  4287 | D:5      | 4287 ||| FLEEEEING.
  4289 | D:5      | 4289 ||| FLEEEEING.
  4290 | D:5      | 4290 ||| FLEEEEING.
  4291 | D:5      | 4291 ||| FLEEEEING.
  4292 | D:5      | 4292 ||| FLEEEEING.
  4293 | D:5      | 4293 ||| FLEEEEING.
  4294 | D:5      | 4294 ||| FLEEEEING.
  4295 | D:5      | 4295 ||| FLEEEEING.
  4296 | D:5      | 4296 ||| FLEEEEING.
  4297 | D:5      | 4297 ||| FLEEEEING.
  4298 | D:5      | 4298 ||| FLEEEEING.
  4299 | D:5      | 4299 ||| FLEEEEING.
  4300 | D:5      | 4300 ||| FLEEEEING.
  4301 | D:5      | 4301 ||| FLEEEEING.
  4313 | D:5      | Reached skill level 8 in Ranged Weapons
  4619 | D:5      | Identified the +4 falchion of Valour {speed, Dex+2}
  4752 | D:5      | 4752 ||| UPGRADING to +2 pair of boots of the Saviour {MP+9
                  | Dex+2}.
  4817 | D:5      | 4817 ||| READING scroll labelled JEBEHU KAADECANER.
  4818 | D:5      | 4818 ||| DRINKING 2 puce potions.
  4852 | D:6      | Reached XP level 8. HP: 68/68 MP: 8/8
  4875 | D:6      | Reached skill level 9 in Ranged Weapons
  4889 | D:6      | Reached * piety under Okawaru
  4894 | D:6      | 4894 ||| INVOKING Heroism.
  5060 | D:6      | Reached skill level 6 in Fighting
  5060 | D:6      | 5060 ||| INVOKING Heroism.
  5369 | D:6      | 5369 ||| INVOKING Heroism.
  5372 | D:6      | 5372 ||| DRINKING 6 potions of curing.
  5372 | D:6      | 5372 ||| (to cure confusion)
  5375 | D:6      | 5375 ||| DRINKING 5 potions of curing.
  5375 | D:6      | 5375 ||| (to cure confusion)
  5380 | D:6      | 5380 ||| DRINKING 4 potions of curing.
  5380 | D:6      | 5380 ||| (to cure confusion)
  5418 | D:6      | HP: 7/71 [centaur/arrow (13)]
  5419 | D:6      | 5419 ||| READING 4 scrolls of teleportation.
  5420 | D:6      | 5420 ||| DRINKING 3 potions of heal wounds.
  5422 | D:6      | Reached skill level 10 in Ranged Weapons
  5602 | D:6      | Reached skill level 1 in Invocations
  5671 | D:6      | 5671 ||| SWAPPING to +0 shortbow.
  5672 | D:6      | 5672 ||| DROPPING +1 sling.
  5758 | D:6      | 5758 ||| INVOKING Heroism.
  5843 | D:7      | 5843 ||| STAIRDANCE
  5916 | D:7      | 5916 ||| INVOKING Heroism.
  5924 | D:7      | Reached XP level 9. HP: 78/78 MP: 9/9
  6007 | D:7      | Noticed Pikel
  6008 | D:7      | 6008 ||| INVOKING Heroism.
  6040 | D:7      | HP: 19/78 [Pikel/+1 whip of freezing (3)]
  6041 | D:7      | 6041 ||| READING 3 scrolls of teleportation.
  6042 | D:7      | 6042 ||| DRINKING 2 potions of heal wounds.
  6043 | D:7      | 6043 ||| DRINKING potion of heal wounds.
  6356 | D:7      | Killed Pikel
  6357 | D:7      | Reached skill level 11 in Ranged Weapons
  6357 | D:7      | 6357 ||| INVOKING Heroism.
  6557 | D:7      | HP: 14/79 [wyvern (13)]
  6558 | D:7      | 6558 ||| READING 2 scrolls of teleportation.
  6559 | D:7      | HP: 6/79 [wyvern (9)]
  6559 | D:7      | Mangled by a wyvern

Levels and vault maps discovered:
D:1:      saegor_arrival_simple_c, layout_basic, minmay_hexomino_u4
D:2:      minmay_alternating_diamond, layout_loops_corners,
          chequers_ecumenical_altar_island, serial_shops,
          nicolae_shop_bloodbath_and_beyond, nicolae_shop_pleasant_corner_grove,
          nicolae_shop_temple_entry_statues_fountains,
          nicolae_shop_behind_doors, basic_altar
D:3:      layout_loops_ring, minmay_liquid_box, uniq_sigmund
D:4:      cheibrodos_barr_body, layout_basic, chequers_serial_rivers_micro_e,
          st_stairs_4
D:5:      layout_basic, minmay_temple_entry_purple_smoke
D:6:      layout_rooms, serial_aquarium, aquarium_bridge_island_small
          [aquarium_subvault_small_water, aquarium_subvault_wall,
          aquarium_subvault_bridge, aquarium_subvault_bridge,
          aquarium_subvault_bridge], aquarium_window_corridor_1,
          aquarium_window_corner, aquarium_window_corner, aquarium_view_2a,
          skrybe_limestone_x
D:7:      layout_loops_ring, grunt_ministairs_2, serial_bayou_crossing,
          uniq_pikel
Temple:   mainiacjoe_temple_cubbyholes

Skill      XL: |  1  2  3  4  5  6  7  8  9 |
---------------+----------------------------+-----
Ranged Weapons | 3 4 5 6 8 10 11 | 11.1
Fighting       | 2 5 6 7 |  7.2
Armour         | 1 |  1.3
Dodging        | 3 5 |  5.2
Invocations    | 1 |  1.7
Spellcasting   | |  1.0
Hexes          | |  2.0

Action                     |  1- 3 |  4- 6 |  7- 9 || total
---------------------------+-------+-------+-------++-------
   Fire: Sling             |   129 |   183 |   215 ||   527
         Shortbow          |       |       |   133 ||   133
 Invoke: Heroism           |       |       |     7 ||     7
    Use: Scroll            |     2 |     2 |     6 ||    10
         Potion            |       |     3 |     8 ||    11
 Armour: Robe              |     8 |       |       ||     8
         Ring mail         |     6 |    15 |       ||    21
         Leather armour    |       |    11 |    60 ||    71
  Dodge: Dodged            |    40 |    42 |   166 ||   248

Table legend:
 A = Non-vault XP
 B = Vault XP
 C = Vault XP percentage of total XP
 D = Non-vault monster count
 E = Vault monster count
 F = Vault count percentage of total count
                 A         B        C        D         E       F
            +---------+---------+-------+---------+---------+-------
      Total |    2534 |    1150 |  31.2 |     129 |      36 |  21.8
            +---------+---------+-------+---------+---------+-------
        D:1 |      81 |       5 |   5.8 |      34 |       4 |  10.5
        D:2 |      44 |      12 |  21.4 |      15 |       6 |  28.6
        D:3 |      52 |     214 |  80.5 |      14 |       1 |   6.7
        D:4 |     284 |     170 |  37.4 |      22 |      17 |  43.6
        D:5 |     562 |       0 |   0.0 |      14 |       0 |   0.0
        D:6 |    1158 |     105 |   8.3 |      20 |       5 |  20.0
        D:7 |     353 |     644 |  64.6 |      10 |       3 |  23.1
            +---------+---------+-------+---------+---------+-------
